[Event "Team 45 45 League T67"]
[Site "Internet Chess Club"]
[Date "2015.12.06"]
[Round "1"]
[White "ausya"]
[Black "fledermaus"]
[Result "0-1"]
[WhiteElo "1715"]
[BlackElo "1883"]
[Opening "Sicilian: Alapin's variation (2.c3)"]
[ECO "B22"]
[Time "16:00:41"]
[TimeControl "2700+45"]

1. e4 c5 2. c3 d5 3. exd5 Qxd5 4. d4 Nf6 5. Nf3 Bg4 6. dxc5 Qxd1+ 7. Kxd1 e5 8.
b4 e4 9. h3 Bh5 10. g4 Nxg4 11. hxg4 Bxg4 12. Nd2 exf3 13. Bb5+ Nc6 14. Nc4
O-O-O+ 15. Kc2 Bf5+ 16. Kb2 f6 17. Bf4 Ne5 18. Bxe5 fxe5 19. Nxe5 Rd2+ 20. Ka3
Be7 21. Nxf3 Rxf2 22. Nd4 Bf6 23. Rad1 Bg4 24. Rd3 h5 25. c6 Bxd4 26. Rxd4 bxc6
27. Bxc6 Rd8 28. Re1 Rxd4 29. cxd4 Kc7 30. b5 Kd6 31. d5 h4 32. Re8 h3 33. Rd8+
Kc5 34. Rh8 h2 35. d6 Be6 36. Rh5+ Kxd6 37. Kb4 Rxa2 38. Kc3 Ra3+ 39. Kd4 Rh3
40. Rg5 Rh4+ 41. Kc3 h1=Q 42. Bxh1 Rxh1 43. Rxg7 Bd7 44. Rg6+ Kc7 45. Rg5 Rh4
46. Kb3 Kb6 47. Rg6+ Kc7 48. Rg5 Kb6 49. Rg6+ Kxb5 50. Rg5+ Kb6 51. Rg6+ Bc6 52.
Ka3 a5 53. Rg5 Rh3+ 54. Kb2 a4 55. Rf5 Rb3+ 56. Ka2 Bb5 57. Rf4 Kc5 58. Rf5+ Kb4
59. Rf4+ Bc4 60. Ka1 Rh3 61. Re4 Rh1+ 62. Kb2 a3+ 63. Kc2 a2 {White resigns} 0-1

[Event "Team 45 45 League T67"]
[Site "Internet Chess Club"]
[Date "2015.12.06"]
[Round "1"]
[White "Sempigreen"]
[Black "komodeo"]
[Result "0-1"]
[WhiteElo "1771"]
[BlackElo "1646"]
[Opening "Sicilian: Steinitz variation"]
[ECO "B24"]
[Time "10:15:06"]
[TimeControl "2700+45"]

1. e4 c5 2. g3 Nc6 3. Bg2 g6 4. Nc3 Bg7 5. Nce2 d6 6. d3 Bd7 7. c3 Nf6 8. Qd2
O-O 9. Nf3 h6 10. h4 e5 11. Qc2 b5 12. Be3 Ng4 13. Bd2 a5 14. O-O a4 15. Nh2
Nxh2 16. Kxh2 Qc7 17. Be3 Be6 18. f4 Ne7 19. h5 Rad8 20. hxg6 fxg6 21. fxe5 dxe5
22. c4 bxc4 23. dxc4 Nc6 24. Bxc5 Rxf1 25. Bxf1 Bg4 26. Bf2 Qf7 27. Kg1 Qf3 28.
Qc3 Qxe4 29. Re1 Qf5 30. Bg2 e4 31. Qe3 Bf3 32. Qb6 Bxg2 33. Kxg2 Qf3+ 34. Kg1
Rd6 35. Qc5 Bf8 36. b3 Nb4 37. Nd4 Qxf2+ 38. Kxf2 Nd3+ 39. Ke3 Nxc5 40. b4 Nd3
41. Rc1 Nxc1 {White resigns} 0-1

[Event "Team 45 45 League T67"]
[Site "Internet Chess Club"]
[Date "2015.12.07"]
[Round "1"]
[White "santiagoelawad"]
[Black "swagnik"]
[Result "0-1"]
[WhiteElo "2041"]
[BlackElo "1879"]
[Opening "English: symmetrical, main line with d4"]
[ECO "A39"]
[Time "18:20:52"]
[TimeControl "2700+45"]

1. c4 g6 2. Nc3 Bg7 3. Nf3 Nf6 4. g3 O-O 5. Bg2 c5 6. O-O Nc6 7. d4 cxd4 8. Nxd4
Qb6 9. Nc2 d6 10. b3 Bf5 11. Bb2 Qc7 12. Rb1 a6 13. e4 Bd7 14. Ne3 Rab8 15. Ncd5
Nxd5 16. Nxd5 Qd8 17. Bxg7 Kxg7 18. Qd2 b5 19. Rfc1 Kg8 20. h4 Ne5 21. c5 dxc5
22. Rxc5 Be6 23. Qc3 f6 24. Rc7 Bxd5 25. exd5 Rc8 26. Rc1 Rxc7 27. Qxc7 Re8 28.
Rc5 Nd3 29. Qxd8 Rxd8 30. Rc7 Kf7 31. Ra7 Rd6 32. Kf1 Nc1 33. a4 Nxb3 34. axb5
axb5 35. Rb7 Nd4 36. Ke1 Ra6 37. Kd2 Ra2+ 38. Ke3 Nf5+ 39. Kf3 h5 40. Bh3 Nd6
41. Be6+ Kf8 42. Rb8+ Kg7 43. Rg8+ Kh7 44. Rb8 Ra3+ 45. Ke2 f5 46. Ke1 Kg7 47.
Rg8+ Kf6 48. Rf8+ Ke5 49. Rg8 b4 50. Rb8 b3 51. Kd2 Kd4 52. Kc1 Kc3 53. Kb1 Ra2
54. Rb6 Rxf2 55. Rc6+ Kd3 56. Rb6 Kc3 57. Rc6+ Nc4 58. Rxc4+ Kxc4 59. d6+ Kc3
60. Bc4 Kxc4 61. dxe7 Re2 62. e8=Q Rxe8 {White resigns} 0-1

[Event "Team 45 45 League T67"]
[Site "Internet Chess Club"]
[Date "2015.12.05"]
[Round "1"]
[White "sockbuf"]
[Black "kabindra"]
[Result "1-0"]
[WhiteElo "1817"]
[BlackElo "1753"]
[Opening "QGD: Marshall defense"]
[ECO "D06"]
[Time "12:00:27"]
[TimeControl "2700+45"]

1. d4 d5 2. c4 Nf6 3. cxd5 Nxd5 4. Nf3 e6 5. e4 Nf6 6. Nc3 h6 7. Bc4 Be7 8. O-O
O-O 9. a3 Nc6 10. Re1 e5 11. d5 Nd4 12. Nxd4 exd4 13. Qxd4 b6 14. b4 c5 15. Qd3
Ng4 16. Bf4 Bg5 17. Bxg5 Qxg5 18. Qg3 h5 19. h4 Qe7 20. e5 cxb4 21. d6 Qd8 22.
axb4 Be6 23. Nd5 Kh8 24. Rac1 b5 25. Bb3 Rc8 26. Rxc8 Qxc8 27. Ne7 Qd7 28. Qf4
Bxb3 29. Ng6+ Kg8 30. Nxf8 Kxf8 31. f3 Nh6 32. Rc1 Bc4 33. Qg5 Kg8 34. Qe7 Be6
35. Qxd7 Bxd7 36. Rc7 Be6 37. d7 Bxd7 38. Rxd7 Nf5 39. Rxa7 Nxh4 40. Rb7 Ng6 41.
Rxb5 Kf8 42. Kf2 Ke7 43. Ke3 Ke6 44. f4 Nh4 45. Ke4 f5+ 46. exf6 gxf6 47. Rxh5
f5+ 48. Ke3 Nxg2+ 49. Kf3 Ne1+ 50. Kg3 Nd3 51. b5 Nc5 52. b6 Ne4+ 53. Kh4 Nc5
54. Rh7 Kd6 55. b7 Na6 56. Rh6+ {Black resigns} 1-0

[Event "Team 45 45 League T67"]
[Site "Internet Chess Club"]
[Date "2015.12.05"]
[Round "1"]
[White "Portola"]
[Black "rusano"]
[Result "1/2-1/2"]
[WhiteElo "1766"]
[BlackElo "1680"]
[Opening "Queen's pawn game"]
[ECO "A45"]
[Time "16:00:30"]
[TimeControl "2700+45"]

1. d4 Nf6 2. c3 g6 3. Nf3 d5 4. Bf4 Bg7 5. h3 O-O 6. Nbd2 Bf5 7. e3 Nbd7 8. Be2
c5 9. O-O Rc8 10. Qb3 Qb6 11. Rfe1 c4 12. Qa3 e6 13. g4 Be4 14. Nxe4 Nxe4 15.
Rab1 Qc6 16. Rec1 b5 17. Qa5 Qb6 18. Qxb6 Nxb6 19. Bd1 a5 20. Bc2 Nf6 21. a3 a4
22. Nd2 Nfd7 23. Bd6 Rfe8 24. f4 f5 25. Nf3 Rc6 26. Bb4 Rcc8 27. g5 Bf8 28. Bxf8
Kxf8 29. Kg2 Kg7 30. Rh1 Kf7 31. Rh2 Kg7 32. Rbh1 Rh8 33. h4 Rce8 34. h5 Nc8 35.
hxg6 hxg6 36. Rh6 Ne7 37. Nh4 Reg8 38. Bd1 Rf8 39. Nf3 Re8 40. Rxh8 Rxh8 41.
Rxh8 Kxh8 42. Bc2 Kg7 43. Kg3 Kf7 44. Kh3 Kg7 45. Kg3 Kf7 46. Kh3 Kg7 47. Kg3
{Game drawn by repetition} 1/2-1/2

[Event "Team 45 45 League T67"]
[Site "Internet Chess Club"]
[Date "2015.12.05"]
[Round "1"]
[White "SilentKnight"]
[Black "pcvan"]
[Result "1-0"]
[WhiteElo "1691"]
[BlackElo "1492"]
[Opening "QGD: exchange, positional line, 6.Qc2"]
[ECO "D36"]
[Time "12:00:33"]
[TimeControl "2700+45"]

1. d4 d5 2. c4 e6 3. Nc3 Nf6 4. cxd5 exd5 5. Bg5 c6 6. Qc2 Be7 7. e3 O-O 8. Bd3
Nbd7 9. Nge2 Re8 10. O-O Nf8 11. f3 Be6 12. Rae1 Rc8 13. Kh1 Qc7 14. e4 Ng6 15.
e5 Nd7 16. Bxe7 Rxe7 17. f4 Bg4 18. f5 Bxe2 19. Qxe2 Ngf8 20. Qg4 Ree8 21. Re3
Qb6 22. Rg3 g6 23. f6 Qxb2 24. Rh3 Qd2 25. Bxg6 Nxg6 26. Qxd7 Qg5 27. e6 Kh8 28.
Qxf7 Nh4 29. Rxh4 {Black resigns} 1-0

[Event "Team 45 45 League T67"]
[Site "Internet Chess Club"]
[Date "2015.12.06"]
[Round "1"]
[White "ChessHouston"]
[Black "CaoCao"]
[Result "1-0"]
[WhiteElo "1954"]
[BlackElo "1906"]
[Opening "Ruy Lopez: Schliemann defense"]
[ECO "C63"]
[Time "16:00:25"]
[TimeControl "2700+45"]

1. e4 e5 2. Nf3 Nc6 3. Bb5 f5 4. d4 fxe4 5. Bxc6 dxc6 6. Nxe5 Nf6 7. O-O Bd6 8.
Bg5 O-O 9. Nd2 Bf5 10. c3 Qe8 11. f4 exf3 12. Ndxf3 Kh8 13. Re1 Qh5 14. h3 Ne4
15. Be3 Bxh3 16. gxh3 Qxh3 17. Qe2 Bxe5 18. Nxe5 Ng3 19. Qg2 Qh4 20. Qh2 Qxh2+
21. Kxh2 Nf5 22. Bg5 h6 23. Ng6+ {Black resigns} 1-0

[Event "Team 45 45 League T67"]
[Site "Internet Chess Club"]
[Date "2015.12.03"]
[Round "1"]
[White "achessman"]
[Black "LiangLiang"]
[Result "1-0"]
[WhiteElo "1894"]
[BlackElo "1832"]
[Opening "Sicilian: Alapin's variation (2.c3)"]
[ECO "B22"]
[Time "19:36:52"]
[TimeControl "2700+45"]

1. e4 c5 2. c3 d5 3. exd5 Qxd5 4. d4 Nf6 5. Nf3 Nc6 6. Be2 e6 7. O-O cxd4 8.
cxd4 Bd6 9. Nc3 Qa5 10. Qb3 Be7 11. Rd1 O-O 12. d5 exd5 13. Nxd5 Nxd5 14. Rxd5
Qc7 15. Qc2 Be6 16. Ng5 Bxg5 17. Rxg5 Rac8 18. Qe4 Ne7 19. h4 h6 20. Bd3 Ng6 21.
Rxg6 fxg6 22. Qxe6+ Qf7 23. Qxf7+ Kxf7 24. Be3 Rfd8 25. Be4 b6 26. Kf1 Rc4 27.
f3 Kf6 28. Ke2 Rd7 29. Rd1 Rxd1 30. Kxd1 g5 31. h5 Ke5 32. Bd2 Rc7 33. Ke2 g4
34. Ke3 gxf3 35. gxf3 Kf6 36. Kf4 Rc5 37. Bc3+ Ke6 38. Bg6 Rc4+ 39. Ke3 Rc7 40.
f4 a5 41. Bd4 b5 42. Bb6 Rb7 43. Bxa5 Ra7 44. Bc3 Kd5 45. Be4+ Kc4 46. Bd3+ Kd5
47. Bxb5 Re7+ 48. Be5 Rb7 49. a4 Rb6 50. Bxg7 Re6+ 51. Kf3 Kc5 52. f5 Re7 53. f6
{Black resigns} 1-0

[Event "Team 45 45 League T67"]
[Site "Internet Chess Club"]
[Date "2015.12.06"]
[Round "1"]
[White "MetaGod"]
[Black "cityprosecutor"]
[Result "1-0"]
[WhiteElo "1805"]
[BlackElo "1767"]
[Opening "Benkö gambit: fianchetto variation"]
[ECO "A58"]
[Time "08:00:28"]
[TimeControl "2700+45"]

1. d4 Nf6 2. c4 c5 3. d5 b5 4. cxb5 a6 5. bxa6 Bxa6 6. Nc3 d6 7. Nf3 g6 8. g3
Bg7 9. Bg2 Qa5 10. Bd2 O-O 11. O-O Nbd7 12. a4 Rfb8 13. Qc2 Rb7 14. Rfb1 Rab8
15. h3 Qc7 16. e4 Nb6 17. b3 Nfd7 18. Ra2 Ne5 19. Nxe5 Bxe5 20. Bh6 Nd7 21. Rab2
Qa5 22. Bd2 Qb4 23. Nb5 {Black resigns} 1-0

[Event "Team 45 45 League T67"]
[Site "Internet Chess Club"]
[Date "2015.12.04"]
[Round "1"]
[White "Frankly"]
[Black "watkins"]
[Result "0-1"]
[WhiteElo "1710"]
[BlackElo "1693"]
[Opening "Sicilian: Scheveningen variation"]
[ECO "B80"]
[Time "14:00:33"]
[TimeControl "2700+45"]

1. e4 c5 2. Nf3 d6 3. d4 cxd4 4. Nxd4 Nf6 5. Nc3 e6 6. Be3 Be7 7. Be2 a6 8. O-O
Nbd7 9. f4 Qc7 10. Kh1 Nc5 11. e5 dxe5 12. fxe5 Nfd7 13. b4 Nb3 14. Nxb3 Qxc3
15. Bd4 Qxb4 16. a3 Qa4 17. Rf4 Qc6 18. Qd3 O-O 19. Nd2 Rb8 20. Raf1 b5 21. Ne4
Bb7 22. Bf3 Qc7 23. Qe3 Nxe5 24. Bb6 Qxc2 25. Rc1 Qd3 26. Qf2 Bxe4 27. Bxe4 Qxa3
28. Rf1 Qd6 29. Bd4 Rbc8 30. Re1 Nc4 31. Ba1 Qd2 32. Qg3 f6 33. Rg4 Rf7 34. Bc3
Qd6 35. Bxh7+ Kxh7 36. Qh3+ Kg8 37. Rh4 Rff8 38. Rh8+ Kf7 39. Qh5+ g6 40. Rh7+
Ke8 41. Qxg6+ Kd7 42. Bxf6 Rce8 43. Qg4 Rxf6 44. Rd1 Rf1+ 45. Rxf1 Ne3 46. Qf3
Nxf1 47. Qxf1 Kd8 48. Rh3 Kc8 49. Rc3+ Kb8 50. Qc1 Rd8 51. h3 Qd1+ 52. Qxd1
Rxd1+ 53. Kh2 Bd6+ 54. g3 Rd2+ 55. Kg1 Kb7 56. g4 b4 57. Rf3 Kc6 58. g5 Be5 59.
g6 a5 60. Rf7 b3 61. g7 Bxg7 62. Rxg7 Rd1+ 63. Kf2 b2 {White resigns} 0-1

[Event "Team 45 45 League T67"]
[Site "Internet Chess Club"]
[Date "2015.12.06"]
[Round "1"]
[White "bluesun"]
[Black "unclevinny"]
[Result "0-1"]
[WhiteElo "1504"]
[BlackElo "1605"]
[Opening "Two knights defense"]
[ECO "C58"]
[Time "19:30:34"]
[TimeControl "2700+45"]

1. e4 e5 2. Nf3 Nc6 3. Bc4 Nf6 4. Ng5 d5 5. exd5 Na5 6. Bb5+ c6 7. dxc6 bxc6 8.
Bd3 h6 9. Ne4 Nd5 10. Nbc3 Nf4 11. Bf1 Be7 12. d3 Ng6 13. Be3 O-O 14. Qf3 f5 15.
Nd2 f4 16. Qe4 Bf5 17. Qa4 fxe3 18. fxe3 Qb6 19. O-O-O Bb4 20. a3 Bxc3 21. bxc3
Rfb8 22. Nb3 Qxe3+ 23. Kb2 Qb6 24. Ka2 Nxb3 25. Qxb3+ Qxb3+ 26. cxb3 Be6 27. Rb1
Rb6 28. Be2 Rf8 29. Rhf1 Rxf1 30. Bxf1 Rb7 31. Be2 Rf7 32. Rf1 Nf4 33. Rf2 Nd5
34. Rxf7 Kxf7 35. Kb2 Kf6 36. Bf3 c5 37. b4 cxb4 38. cxb4 Nf4 39. Kc3 Bd5 40.
Bxd5 Nxd5+ 41. Kc4 Ke6 42. Kc5 Ne7 43. a4 Kd7 44. b5 h5 45. b6 axb6+ 46. Kxb6
Kd6 47. a5 Nc6 48. a6 g5 49. Kb7 Kc5 50. Kc7 Na7 51. Kb7 Nb5 52. Kc8 Kc6 53. Kd8
Kd5 54. Ke7 e4 55. dxe4+ Kxe4 56. Kf6 Kf4 57. Kg6 h4 58. Kh5 Na7 59. g3+ hxg3
60. hxg3+ Kf5 61. g4+ Kf4 62. Kh6 Kxg4 63. Kg6 Kf4 64. Kf6 g4 65. Ke6 g3 66. Kd6
g2 67. Kc7 g1=Q 68. Kb7 {White resigns} 0-1

[Event "Team 45 45 League T67"]
[Site "Internet Chess Club"]
[Date "2015.12.06"]
[Round "1"]
[White "KidRattler"]
[Black "EFXBT"]
[Result "1-0"]
[WhiteElo "1747"]
[BlackElo "1480"]
[Opening "Sicilian: closed, 2...Nc6"]
[ECO "B23"]
[Time "19:04:46"]
[TimeControl "2700+45"]

1. e4 c5 2. Nc3 Nc6 3. Bb5 g6 4. Nge2 Bg7 5. Bxc6 dxc6 6. d3 Nf6 7. f4 O-O 8.
O-O Bg4 9. Be3 b6 10. h3 Bd7 11. g4 Qc8 12. f5 g5 13. Bxg5 h6 14. Bh4 e6 15.
Bxf6 Bxf6 16. fxe6 Bxc3 17. Nxc3 Bxe6 18. Qf3 Qd8 19. e5 Qg5 20. Qf4 Qxf4 21.
Rxf4 Kg7 22. Ne4 Rad8 23. a3 a6 24. Nd6 f6 25. Rxf6 Rxf6 26. exf6+ Kxf6 27. Ne4+
Ke5 28. Re1 Kd5 29. c4+ Kd4 30. Nf2 Bxc4 31. Re4+ Kd5 32. dxc4+ Kd6 33. Re3 Rd7
34. Rd3+ Kc7 35. Rxd7+ Kxd7 36. Kg2 Ke6 37. Kf3 Ke5 38. Ke3 b5 39. cxb5 cxb5 40.
Nd3+ Kd5 41. Kf4 Kd4 42. Ne5 c4 43. h4 c3 44. bxc3+ Kxc3 45. g5 hxg5+ 46. hxg5
b4 47. axb4 Kxb4 48. g6 a5 49. g7 a4 50. g8=Q a3 51. Qa2 {Black resigns} 1-0

[Event "Team 45 45 League T67"]
[Site "Internet Chess Club"]
[Date "2015.12.05"]
[Round "1"]
[White "karthikkallam"]
[Black "stanbeers"]
[Result "0-1"]
[WhiteElo "1311"]
[BlackElo "1469"]
[Opening "Giuoco Pianissimo"]
[ECO "C50"]
[Time "20:00:32"]
[TimeControl "2700+45"]

1. e4 e5 2. Nf3 Nc6 3. Bc4 Bc5 4. d3 Nf6 5. Bg5 O-O 6. Nc3 Na5 7. Bb3 Nxb3 8.
axb3 Re8 9. Nd5 d6 10. h3 h6 11. Bh4 g5 12. Nxg5 Nxd5 13. Nf3 Nf6 14. Qd2 Kg7
15. b4 Bb6 16. c3 Qd7 17. Bxf6+ Kxf6 18. Qxh6+ Ke7 19. Qg5+ f6 20. Qg7+ Kd8 21.
Qxf6+ Qe7 22. Qxe7+ Kxe7 23. Ke2 Bd7 24. Rag1 Rg8 25. g4 Raf8 26. g5 Rf4 27. h4
Bg4 28. Rg3 Rgf8 29. g6 Bxf3+ 30. Kd2 Bh5 31. g7 Rxf2+ 32. Kc1 Rg8 33. Rg5 Be3+
34. Kb1 Bxg5 35. hxg5 Bg6 36. Rh8 Kf7 37. Ka2 Kxg7 38. Rxg8+ Kxg8 39. Kb3 Rg2
40. c4 Rxg5 41. Kc3 Kf7 42. b5 Ke7 43. b4 Kd7 44. c5 dxc5 45. bxc5 Bf7 46. d4
exd4+ 47. Kxd4 Be6 48. Kd3 Rxc5 49. Kd4 Rxb5 50. e5 Kc6 51. Kd3 a5 52. Ke3 a4
53. Kf4 a3 54. Kg5 Rxe5+ 55. Kg6 a2 56. Kg7 a1=Q 57. Kg6 Kd6 58. Kg7 Rg5+ 59.
Kh7 Qg7# {White checkmated} 0-1

[Event "Team 45 45 League T67"]
[Site "Internet Chess Club"]
[Date "2015.12.06"]
[Round "1"]
[White "Just-Jim"]
[Black "Striker3000"]
[Result "0-1"]
[WhiteElo "1357"]
[BlackElo "1479"]
[Opening "Queen's pawn game"]
[ECO "D00"]
[Time "13:00:27"]
[TimeControl "2700+45"]

1. d4 d5 2. e3 Nf6 3. f4 Bf5 4. Be2 e6 5. Nf3 c5 6. c3 Nc6 7. O-O Qb6 8. Qb3
Qxb3 9. axb3 cxd4 10. exd4 Bd6 11. b4 O-O 12. Na3 a6 13. Ne5 Bxe5 14. fxe5 Nd7
15. Bd2 f6 16. c4 Nxd4 17. Rfe1 Nxe2+ 18. Rxe2 Nxe5 19. cxd5 exd5 20. Bc3 Rfe8
21. Rf2 Bg6 22. b5 axb5 23. Rff1 Nd3 24. Nxb5 Rxa1 25. Rxa1 Nc5 26. Nc7 Rd8 27.
Ra5 b6 28. Ra8 Rxa8 29. Nxa8 b5 30. Nc7 Ne4 31. Nxd5 Nxc3 32. Nxc3 Bd3 33. Kf2
Kf7 34. Ke3 Bc4 35. Kd4 Ke6 36. Kc5 Ke5 37. Nxb5 Bd5 38. Nc3 Bxg2 39. b4 f5 40.
b5 f4 41. b6 Bb7 42. Ne2 f3 43. Ng3 f2 44. Nf1 h5 45. h4 Ke6 46. Ne3 g6 47. Nf1
Ke5 48. Ne3 Ke4 49. Nf1 Kd3 50. Kd6 Ke2 51. Nh2 f1=Q 52. Nxf1 Kxf1 53. Kc7 Bh1
54. b7 Bxb7 55. Kxb7 Kg2 56. Kc6 Kg3 57. Kd6 Kxh4 58. Ke5 Kg3 59. Kf6 h4 60.
Kxg6 h3 {White resigns} 0-1

[Event "Team 45 45 League T67"]
[Site "Internet Chess Club"]
[Date "2015.12.03"]
[Round "1"]
[White "QuieroAprender"]
[Black "Bizzy-Ketty"]
[Result "0-1"]
[WhiteElo "1677"]
[BlackElo "1646"]
[Opening "Sicilian defense"]
[ECO "B30"]
[Time "17:01:45"]
[TimeControl "2700+45"]

1. e4 c5 2. Nf3 Nc6 3. Nc3 e6 4. Bb5 Nf6 5. d3 Be7 6. O-O O-O 7. Bxc6 bxc6 8.
Be3 Rb8 9. b3 d5 10. Bf4 Rb7 11. Qe2 Qa5 12. Na4 Qa6 13. c4 Rd8 14. Rfd1 Nh5 15.
Bg5 f6 16. Bd2 e5 17. Nxe5 fxe5 18. Qxh5 Rbd7 19. Bg5 Qa5 20. Qh4 Bxg5 21. Qxg5
dxe4 22. Qxe5 Rxd3 23. Rxd3 exd3 24. Qxc5 Qc7 25. Qe3 Qa5 26. Rd1 Bf5 27. Qc5
Qxc5 28. Nxc5 d2 29. f3 Bc2 30. Rxd2 Rxd2 31. Ne4 Bxe4 32. fxe4 Rxa2 33. h3 Re2
{White resigns} 0-1

[Event "Team 45 45 League T67"]
[Site "Internet Chess Club"]
[Date "2015.12.05"]
[Round "1"]
[White "Sparkle"]
[Black "drsigmund1"]
[Result "0-1"]
[WhiteElo "1388"]
[BlackElo "1474"]
[Opening "French: exchange variation"]
[ECO "C01"]
[Time "08:00:11"]
[TimeControl "2700+45"]

1. e4 e6 2. d4 d5 3. exd5 exd5 4. Bd3 Nc6 5. c3 Bd6 6. Be3 Nge7 7. Nd2 Nf5 8.
Ngf3 Nxe3 9. fxe3 O-O 10. O-O Bg4 11. Qe1 Re8 12. Qf2 Bh5 13. Rfe1 Re6 14. Qh4
Qxh4 15. Nxh4 Rae8 16. e4 Bf4 17. Nhf3 Bxf3 18. gxf3 Bxd2 19. Red1 Be3+ 20. Kf1
dxe4 21. d5 Rf6 22. dxc6 exd3 23. Rd2 Bxd2 {White resigns} 0-1

[Event "Team 45 45 League T67"]
[Site "Internet Chess Club"]
[Date "2015.12.08"]
[Round "1"]
[White "Andaluz"]
[Black "ethan0627"]
[Result "1/2-1/2"]
[WhiteElo "1370"]
[BlackElo "1417"]
[Opening "Polish (Sokolsky) opening"]
[ECO "A00"]
[Time "15:30:35"]
[TimeControl "2700+45"]

1. b4 e5 2. Bb2 d6 3. d3 Nf6 4. e3 Be6 5. Nd2 g6 6. Ngf3 Bg7 7. Be2 O-O 8. O-O
a6 9. a4 b6 10. c4 c6 11. e4 Qc7 12. d4 Nbd7 13. d5 Bg4 14. h3 Bxf3 15. Bxf3
Rac8 16. Rc1 c5 17. b5 axb5 18. axb5 Ra8 19. Ra1 Ra7 20. Rxa7 Qxa7 21. Qa1 Ra8
22. Qxa7 Rxa7 23. Ra1 Rxa1+ 24. Bxa1 Bh6 {Game drawn by mutual agreement}
1/2-1/2

[Event "Team 45 45 League T67"]
[Site "Internet Chess Club"]
[Date "2015.12.05"]
[Round "1"]
[White "chessmaster5132"]
[Black "olivermx"]
[Result "0-1"]
[WhiteElo "1238"]
[BlackElo "1327"]
[Opening "two knights defense: Fegatello attack, Polerio defense"]
[ECO "C57"]
[Time "14:00:34"]
[TimeControl "2700+45"]

1. e4 e5 2. Nf3 Nc6 3. Bc4 Nf6 4. Ng5 d5 5. exd5 Nxd5 6. Nxf7 Kxf7 7. Qf3+ Ke6
8. Nc3 Ne7 9. Qe4 b6 10. f4 Bb7 11. d4 g6 12. Qxe5+ Kf7 13. Qxh8 Bg7 14. Qxd8
Rxd8 15. Nb5 Kf8 16. Nxa7 Bxd4 17. Nb5 Bf6 18. Bb3 c6 19. Na3 Ba6 20. c4 Nb4 21.
O-O Nd3 22. Be3 c5 23. Nb5 Nf5 24. Bc1 Nxc1 25. Raxc1 Bxb2 26. Rb1 Bf6 27. Nc7
Rd2 28. Nxa6 Ne3 29. Rfe1 Bd4 30. Rxe3 Bxe3+ 31. Kf1 Rf2+ 32. Kg1 Rb2+ 33. Kf1
Rxb1+ 34. Ke2 Bxf4 35. g4 Bxh2 36. Kf3 h5 37. gxh5 gxh5 38. Ke4 Re1+ 39. Kd5
Re5+ 40. Kd6 Rf5+ 41. Kc6 Rf6+ 42. Kb5 h4 43. Nxc5 bxc5 44. Kxc5 Bg1+ 45. Kb5 h3
46. c5 h2 47. c6 h1=Q 48. c7 Qb7+ 49. Kc4 Qxc7+ 50. Kd3 Rf4 51. a3 Qd6+ 52. Kc3
Qd4+ 53. Kc2 Rf2+ 54. Kc1 Qd2+ 55. Kb1 Qb2# {White checkmated} 0-1

[Event "Team 45 45 League T67"]
[Site "Internet Chess Club"]
[Date "2015.12.02"]
[Round "1"]
[White "Mitochondria"]
[Black "smsxman"]
[Result "1-0"]
[WhiteElo "1522"]
[BlackElo "1388"]
[Opening "Nimzo-Indian: classical variation"]
[ECO "E32"]
[Time "22:45:29"]
[TimeControl "2700+45"]

1. d4 Nf6 2. c4 e6 3. Nc3 Bb4 4. Qc2 O-O 5. a3 Bxc3+ 6. Qxc3 Nc6 7. Nf3 d5 8. e3
Re8 9. Bd3 e5 10. Nxe5 Nxe5 11. dxe5 Ng4 12. cxd5 Nxe5 13. e4 Nxd3+ 14. Qxd3 Qh4
15. O-O Qxe4 16. Qxe4 Rxe4 17. Be3 Bf5 18. Rac1 Re7 19. Rfd1 Rd7 20. Rd4 b6 21.
Bf4 c5 22. Rd2 Re8 23. h3 h6 24. a4 Re4 25. Bg3 Rxa4 26. d6 Be6 27. Re1 a6 28.
f4 g6 29. Bf2 Rxf4 30. Be3 Re4 31. Kf2 h5 32. Rb1 Bf5 33. Ra1 a5 34. Kf3 Rc4 35.
Bf4 a4 36. Be5 b5 37. b3 axb3 38. Ra8+ Kh7 39. Rh8# {Black checkmated} 1-0

[Event "Team 45 45 League T67"]
[Site "Internet Chess Club"]
[Date "2015.12.04"]
[Round "1"]
[White "sdcohle"]
[Black "Zyme"]
[Result "1-0"]
[WhiteElo "1464"]
[BlackElo "1352"]
[Opening "Benoni defense"]
[ECO "A56"]
[Time "21:01:07"]
[TimeControl "2700+45"]

1. d4 Nf6 2. c4 c5 3. e3 cxd4 4. exd4 g6 5. Nf3 Bg7 6. Be2 O-O 7. O-O d6 8. Nc3
Bg4 9. h3 Bd7 10. Nd2 Nc6 11. d5 Nb8 12. Bf3 Na6 13. b3 Rc8 14. Bb2 Nc5 15. Be2
Qb6 16. Rb1 a6 17. b4 Qxb4 18. Ba1 Qa3 19. Rxb7 Nxb7 20. Qc2 Rb8 21. Rb1 Nc5 22.
Bb2 Qa5 23. Nb3 Nxb3 24. axb3 Qb6 25. Ba1 Bf5 26. Bd3 Bxd3 27. Qxd3 Nd7 28. Na4
Qa7 29. Bxg7 Kxg7 30. Qe4 Ne5 31. Qc2 Rb4 32. Qc3 Rfb8 33. Kf1 Kf8 34. f4 Nd7
35. Qh8# {Black checkmated} 1-0

[Event "Team 45 45 League T67"]
[Site "Internet Chess Club"]
[Date "2015.12.07"]
[Round "1"]
[White "joaoazm"]
[Black "artspir"]
[Result "0-1"]
[WhiteElo "1142"]
[BlackElo "1204"]
[Opening "Caro-Kann defense"]
[ECO "B10"]
[Time "19:00:23"]
[TimeControl "2700+45"]

1. e4 c6 2. Nf3 d5 3. d3 dxe4 4. dxe4 Qc7 5. g3 e6 6. Bg2 Bc5 7. O-O Ne7 8. a3
O-O 9. b4 Rd8 10. Qe2 Bb6 11. Be3 Nd7 12. Bxb6 axb6 13. Nc3 e5 14. Rfd1 Nf6 15.
Rxd8+ Qxd8 16. Rd1 Bd7 17. Bh3 Qc7 18. Bxd7 Nxd7 19. a4 Rd8 20. b5 c5 21. Nd5
Nxd5 22. exd5 Nf6 23. Nxe5 Nxd5 24. c4 Nc3 25. Rxd8+ Qxd8 26. Qd3 Qxd3 27. Nxd3
Nxa4 28. f4 Kf8 29. Kf2 Ke7 30. Ke3 Nc3 31. Kd2 Ne4+ 32. Ke3 f5 33. Nf2 Nxf2 34.
Kxf2 h6 35. h4 g6 36. Kf3 Kf6 37. g4 fxg4+ 38. Kxg4 h5+ 39. Kg3 Kf5 40. Kf3 Ke6
41. Ke4 Kf6 42. Kf3 Kf5 43. Kg3 Ke4 {White resigns} 0-1

[Event "Team 45 45 League T67"]
[Site "Internet Chess Club"]
[Date "2015.12.06"]
[Round "1"]
[White "LazyPeon"]
[Black "Heian"]
[Result "1-0"]
[WhiteElo "1761"]
[BlackElo "1741"]
[Opening "Queen's gambit declined"]
[ECO "D30"]
[Time "14:00:32"]
[TimeControl "2700+45"]

1. d4 e6 2. c4 d5 3. Nf3 f5 4. g3 c6 5. Bg2 Nf6 6. O-O Bd6 7. Nc3 O-O 8. Qc2 Ne4
9. Rb1 Nd7 10. b4 Ndf6 11. c5 Nxc3 12. Qxc3 Ne4 13. Qc2 Be7 14. Ne5 Nf6 15. a4
Nd7 16. Nd3 Bg5 17. Bxg5 Qxg5 18. b5 Qe7 19. bxc6 bxc6 20. Nb4 Bb7 21. Nxd5 exd5
22. Rxb7 g6 23. Qd3 a5 24. Bxd5+ cxd5 25. Qb5 Rab8 26. Rxd7 Rxb5 27. Rxe7 Rb4
28. Rd7 Rxd4 29. Rb1 Rf7 30. c6 Rc4 31. Rxd5 Rxc6 32. Rxa5 Re7 33. e3 Rd7 34.
Rab5 Rc2 35. Rb8+ Kg7 36. R8b7 Rc1+ 37. Rxc1 Rxb7 38. Ra1 Ra7 39. Kg2 Kf6 40. h4
Ke5 41. Kf3 Ra5 42. Ke2 h6 43. f3 g5 44. hxg5 hxg5 45. Ra3 g4 46. fxg4 fxg4 47.
Kd3 Kd5 48. e4+ Ke5 49. Ke3 Rc5 50. a5 Rc4 51. a6 Rxe4+ 52. Kf2 Rc4 53. a7 Rc2+
54. Ke1 Rc1+ 55. Kd2 {Black resigns} 1-0

[Event "Team 45 45 League T67"]
[Site "Internet Chess Club"]
[Date "2015.12.06"]
[Round "1"]
[White "FrankNautilus"]
[Black "Zugzwanged"]
[Result "1-0"]
[WhiteElo "1653"]
[BlackElo "1643"]
[Opening "Trompowsky attack (Ruth, Opocenský opening)"]
[ECO "A45"]
[Time "16:01:39"]
[TimeControl "2700+45"]

1. d4 Nf6 2. Bg5 e6 3. e4 h6 4. Bxf6 Qxf6 5. c3 d6 6. Bd3 e5 7. Ne2 Be7 8. O-O
O-O 9. Na3 Nc6 10. Nc2 Qg5 11. Ne3 Bg4 12. f4 Bxe2 13. Qxe2 exf4 14. Nd5 Rac8
15. Nxf4 Nd8 16. Nd5 g6 17. Rf4 Nc6 18. h4 Qh5 19. Qxh5 gxh5 20. Be2 Bd8 21.
Bxh5 Ne7 22. Raf1 Nxd5 23. exd5 f6 24. Bg4 Rb8 25. Be6+ Kg7 26. Rg4+ Kh7 27. Rf5
Be7 28. Rh5 f5 29. Bxf5+ Rxf5 30. Rxf5 Rf8 31. Rxf8 Bxf8 32. Re4 Kg6 33. g4 Kf7
34. Kg2 Be7 35. Kg3 Bf6 36. Re6 Bg7 37. Kf4 Bf6 38. g5 hxg5+ 39. hxg5 Bg7 40.
Kf5 Bh8 41. g6+ Kf8 42. Re3 Bg7 43. Ke6 Ke8 44. Rf3 {Black resigns} 1-0